 Dungeon Crawl Stone Soup version 0.31-a0-1301-g7e11add784 (webtiles) character file.

Game seed: 328551999534388201

1143 naabman the Trooper (level 8, -8/68 HPs)
             Began as a Purple Draconian Berserker on Dec 19, 2023.
             Was an Elder of Trog.
             Mangled by a yak (12 damage)
             ... on level 4 of the Dungeon.
             The game lasted 00:39:53 (4322 turns).

naabman the Trooper (Purple Draconian Berserker)    Turns: 4322, Time: 00:39:53

Health: -8/68      AC:  6    Str: 20    XL:     8   Next: 15%
Magic:  8/8        EV: 13    Int:  8    God:    Trog [****..]
Gold:   234        SH:  0    Dex: 12    Spells: 7/7 levels left

rFire   . . .        h - +1 dagger (drain)
rCold   . . .        (no shield)
rNeg    . . .        (body armour unavailable)
rPois   .            A - +0 hat
rElec   .            (no cloak)
rCorr   .            (no gloves)
SInv    +            (no boots)
Will    +....        (no amulet)
Stlth   +++          j - ring of Icugyzyx {SInv Stlth+}
HPRegen 0.31/turn    (no ring)
MPRegen 0.11/turn

%: no passive effects
@: short of breath
A: breathe power, AC +6, unfitting armour, cold-blooded
a: Breathe Dispelling Energy, Renounce Religion, Berserk, Trog's Hand, Brothers
in Arms


You were on level 4 of the Dungeon.
You worshipped Trog.
Trog was greatly pleased with you.
You visited 1 branch of the dungeon, and saw 5 of its levels.
You also visited: Sewer and Ossuary.

You collected 234 gold pieces.

Inventory:

Hand Weapons
 a - a +0 spear
 d - a +2 heavy falchion
 h - a +1 dagger of draining (weapon)
 u - a +2 sling of freezing
 w - a +0 trident of freezing
 z - a +0 halberd
 I - a +0 orcbow
 J - a +1 heavy spear
Missiles
 v - 5 boomerangs (quivered)
 x - 3 poisoned darts
 K - a throwing net
Armour
 A - a +0 hat (worn)
Jewellery
 j - the ring of Icugyzyx (left hand) {SInv Stlth+}
   (You found it on level 2 of the Dungeon)

   [ring of see invisible]

   SInv:      It lets you see invisible.
   Stlth+:    It makes you more stealthy.
Scrolls
 c - 2 scrolls of enchant armour {unknown}
 e - 2 scrolls of fear
 g - 4 scrolls of teleportation {unknown}
 i - 2 scrolls of brand weapon {unknown}
 l - a scroll of immolation {unknown}
 m - a scroll of blinking {unknown}
 o - a scroll of enchant weapon {unknown}
 p - 5 scrolls of identify
 q - a scroll of butterflies {unknown}
 y - a scroll of vulnerability {unknown}
 B - a scroll of acquirement {unknown}
 C - a scroll of fog {unknown}
 D - a scroll of noise {unknown}
 G - 2 scrolls of amnesia {unknown}
Potions
 b - 4 potions of curing
 f - a potion of resistance
 k - 2 potions of invisibility {unknown}
 n - a potion of mutation {unknown}
 r - 3 potions of brilliance {unknown}
 s - 2 potions of attraction {unknown}
 t - a potion of heal wounds {unknown}
 E - 2 potions of lignification {unknown}
 F - a potion of ambrosia {unknown}
 H - a potion of berserk rage {unknown}


   Skills:
 + Level 5.3 Fighting
 + Level 4.8(5.0) Short Blades
 + Level 1.5(3.4) Long Blades
 + Level 3.3 Polearms
 + Level 2.5 Throwing
 + Level 5.3 Dodging
 + Level 3.0 Stealth


You had 7 spell levels left.
You didn't know any spells.
Your spell library contained the following spells:

 Spells                   Type           Power      Damage    Failure   Level
 Lesser Beckoning         Tloc           0%         N/A       54%         2
 Gell's Gravitas          Tloc           0%         N/A       78%         3
 Teleport Other           Tloc           0%         N/A       78%         3


Dungeon Overview and Level Annotations

Branches:
Dungeon (5/15)              Sewer (visited)         Ossuary (visited)
 Temple: D:4-7

Altars:


Innate Abilities, Weirdness & Mutations

You can breathe bolts of dispelling energy.
Your rich purple scales are hard. (AC +6)
You cannot fit into any form of body armour.
You are cold-blooded and may be slowed by cold attacks.


Message History

The yak is moderately wounded.
The yak closely misses you. The jelly barely misses you.
You hit the yak. You drain the yak. You tail-slap the yak.
The yak is heavily wounded.
You hit the yak.
You tail-slap the yak, but do no damage.
The yak is lightly wounded.
The jelly hits you but does no damage. The jelly attacks as it pursues you!
The jelly hits you.
You are splashed with acid!
The yak attacks as it pursues you! The yak gores you!
There is a stone staircase leading up here.
The jelly hits you but does no damage. The yak gores you!
* * * LOW HITPOINT WARNING * * *
You climb upwards.
There is a stone staircase leading down here.
You hit the jelly.
Your hands burn!
* * * LOW HITPOINT WARNING * * *
You tail-slap the jelly, but do no damage.
The jelly is moderately wounded.
The jelly closely misses you. The yak misses you.
You hit the jelly.
Your hands burn!
* * * LOW HITPOINT WARNING * * *
You tail-slap the jelly.
The jelly is severely wounded.
The jelly hits you but does no damage.
You hit the jelly.
Your hands burn!
* * * LOW HITPOINT WARNING * * *
The jelly is almost dead.
The yak gores you!
* * * LOW HITPOINT WARNING * * *
Aiming: Breathe Dispelling Energy (4% risk of failure)
Press: ? - help, Shift-Dir - straight line, f - jelly
Aim: a jelly (almost dead, 100% to hit)
You breathe a bolt of dispelling energy.
The bolt of dispelling energy hits the jelly!
You kill the jelly!
Trog accepts your kill. The yak gores you!
You die...

#.#####........#..##
#..............#)##
##......########.#
#......# ####...#
##>....###...).##
#....)##..#...#
#........##...#
####Y.#####...# ##@#
#...# ### #...#
#####


You could see a yak.

Vanquished Creatures
  Sigmund (D:4)
  A yak (D:5)
  2 bullfrogs (Sewer)
  A gnoll sergeant (D:4)
  A howler monkey (D:5)
  An orc priest (D:3)
  A jelly (D:4)
  An iguana (D:4)
  A sleepcap (D:4)
  Terence (D:3)
  Natasha (thrice) (D:3)
  3 mummies (Ossuary)
  Robin (D:4)
  5 gnolls (D:4)
  6 river rats (Sewer)
  13 adders
  An adder zombie (Ossuary)
  3 worms
  A dart slug (D:4)
  4 orcs (D:3)
  19 ball pythons
  5 endoplasms
  A giant cockroach (D:3)
  10 goblins
  8 hobgoblins
  4 jackals (D:2)
  3 quokkas
  9 bats
  3 frilled lizards
  3 goblin zombies (Ossuary)
  4 hobgoblin zombies (Ossuary)
  5 kobolds
  3 kobold zombies (Ossuary)
  5 quokka zombies (Ossuary)
  21 rats
  2 rat zombies (Ossuary)
156 creatures vanquished.

Notes
Turn   | Place    | Note
-------+----------+-------------------------------------------
     0 | D:1      | naabman the Draconian Berserker began the quest for the
                  | Orb.
     0 | D:1      | Reached XP level 1. HP: 19/19 MP: 1/1
   395 | D:1      | Reached XP level 2. HP: 26/26 MP: 2/2
   670 | D:2      | Identified the ring of Icugyzyx {SInv Stlth+}
   798 | D:2      | Reached XP level 3. HP: 26/33 MP: 3/3
   841 | D:2      | Reached skill level 1 in Long Blades
   921 | D:2      | Reached ** piety under Trog
  1152 | D:2      | Reached XP level 4. HP: 36/40 MP: 4/4
  1441 | D:3      | Noticed Terence
  1449 | D:3      | Noticed Natasha
  1462 | D:3      | Killed Terence
  1463 | D:3      | Reached skill level 1 in Short Blades
  1474 | D:3      | Killed Natasha
  1475 | D:3      | Reached skill level 1 in Stealth
  1543 | D:3      | Noticed Natasha
  1560 | D:3      | Killed Natasha
  1561 | D:3      | Reached XP level 5. HP: 33/46 MP: 5/5
  1576 | D:3      | Noticed Natasha
  1585 | D:3      | Killed Natasha
  1697 | D:3      | Found a glowing drain.
  1717 | Sewer    | Entered a sewer
  1837 | Sewer    | Reached *** piety under Trog
  1907 | Sewer    | Reached XP level 6. HP: 34/52 MP: 6/6
  2108 | Sewer    | Reached skill level 1 in Throwing
  2794 | D:3      | Your scales start taking on a rich purple colour.
  2794 | D:3      | Reached XP level 7. HP: 13/60 MP: 7/7
  3259 | D:4      | Noticed Sigmund
  3260 | D:4      | Reached **** piety under Trog
  3335 | D:4      | Found a sand-covered staircase.
  3397 | Ossuary  | Entered an ossuary
  3418 | Ossuary  | Reached skill level 5 in Fighting
  3988 | D:4      | Noticed Robin
  4043 | D:4      | Killed Robin
  4064 | D:4      | Reached skill level 5 in Dodging
  4204 | D:4      | Killed Sigmund
  4220 | D:5      | Entered Level 5 of the Dungeon
  4263 | D:5      | Noticed a yak
  4266 | D:5      | Noticed a yak
  4269 | D:5      | Noticed a yak
  4294 | D:5      | Killed a yak
  4295 | D:5      | Reached XP level 8. HP: 57/68 MP: 8/8
  4321 | D:4      | HP: 3/68 [yak (11)]
  4322 | D:4      | Mangled by a yak

Illustrated notes

Levels and vault maps discovered:
D:1:      nicolae_arrival_memento_mori, layout_basic
D:2:      layout_basic, grunt_ministairs_10
D:3:      layout_loops_ring, portal_sewer_entry_d, kennysheep_generic_room_13,
          uniq_natasha, uniq_terence
D:4:      layout_basic, chei_slow_surprise, nicolae_ossuary_entry_monument,
          uniq_robin, uniq_sigmund
D:5:      layout_cave_pools, serial_shops, shop_fountains,
          gammafunk_ghost_arena, uniq_grinder

Skill      XL: |  1  2  3  4  5  6  7 |
---------------+----------------------+-----
Dodging        | 3 4 5 |  5.3
Long Blades    | 1 |  1.5
Short Blades   | 1 2 3 4 |  4.8
Stealth        | 1 2 3 |  3.0
Fighting       | 4 5 |  5.3
Throwing       | 1 2 |  2.5
Polearms       | |  3.3

Action                     |  1- 3 |  4- 6 |  7- 9 || total
---------------------------+-------+-------+-------++-------
  Melee: Spear             |    17 |       |       ||    17
         Falchion          |    32 |       |       ||    32
         Tailslap          |     8 |    27 |    41 ||    76
         Dagger            |    66 |   273 |   211 ||   550
         Punch             |       |     3 |     2 ||     5
  Throw: Dart              |       |    27 |     3 ||    30
         Boomerang         |       |       |    25 ||    25
         Throwing net      |       |       |     2 ||     2
 Invoke: Trog's Hand       |       |       |     1 ||     1
Ability: Breathe Dispellin |       |       |     4 ||     4
    Use: Scroll            |       |     2 |       ||     2
         Potion            |       |     1 |       ||     1
   Stab: Sleeping          |     3 |     5 |     4 ||    12
 Armour: Skin              |   110 |   174 |    79 ||   363
  Dodge: Dodged            |   147 |   203 |    94 ||   444

Table legend: (Time is in decaauts)
 A = Elapsed time spent in this place.
 B = Non-inter-level travel time spent in this place.
 C = Inter-level travel time spent in this place.
 D = Time resting spent in this place.
 E = Time spent auto-exploring this place.
 F = Levels seen in this place.
 G = Mean time per level.
                   A        B        C        D        E       F      G
               +--------+--------+--------+--------+--------+-----+--------+
         Total |   4357 |   2045 |   2312 |      0 |      0 |   7 |  622.4 |
       Dungeon |   3296 |    984 |   2312 |      0 |      0 |   5 |  659.2 |
         Sewer |    686 |    686 |      0 |      0 |      0 |   1 |  686.0 |
       Ossuary |    374 |    374 |      0 |      0 |      0 |   1 |  374.0 |
               +--------+--------+--------+--------+--------+-----+--------+

Top non-repeatable levels by time:
     D:3: 1087 daAuts
     D:2: 826 daAuts
     D:4: 694 daAuts
   Sewer: 686 daAuts
     D:1: 621 daAuts
 Ossuary: 374 daAuts
     D:5: 67 daAuts
